 Dungeon Crawl Stone Soup version 0.29.1-1-gd02db6906a (webtiles) character file.

Game seed: 3828317182487016473

4 DemonSlayer the Firebug (level 1, -2/13 HPs)
             Began as a Demonspawn Fire Elementalist on Sept 28, 2022.
             Slain by a kobold
             ... wielding a +0 dagger
              (3 damage)
             ... on level 2 of the Dungeon.
             The game lasted 00:01:10 (382 turns).

DemonSlayer the Firebug (DsFE)                       Turns: 382, Time: 00:01:10

Health: -2/13      AC:  2    Str:  8    XL:     1   Next: 58%
Magic:  2/3        EV: 12    Int: 16    God:
Gold:   33         SH:  0    Dex: 13    Spells: 3/4 levels left

rFire   . . .      SeeInvis .   (no weapon)
rCold   . . .      Faith    .   (no shield)
rNeg    . . .      Spirit   .   a - +0 robe
rPois   .          Reflect  .   (no helmet)
rElec   .          Harm     .   (no cloak)
rCorr   .          Rampage  .   (no gloves)
Will    .....                   (no boots)
Stlth   ++........              (no amulet)
HPRegen 0.04/turn               (no ring)
MPRegen 0.08/turn               (no ring)

@: no status effects
A: no striking features
a: no special abilities


You were on level 2 of the Dungeon.
You visited 1 branch of the dungeon, and saw 2 of its levels.

You collected 33 gold pieces.

Inventory:

Armour
 a - a +0 robe (worn)
Potions
 b - a potion of magic


   Skills:
 + Level 1.9 Dodging
 + Level 1.7 Stealth
 + Level 2.0 Spellcasting
 + Level 1.0 Conjurations
 + Level 2.8 Fire Magic


You had 3 spell levels left.
You knew the following spells:

 Your Spells              Type           Power      Damage    Failure   Level
a - Foxfire               Conj/Fire      28%        2x1d5     10%         1

Your spell library contained the following spells:

 Spells                   Type           Power      Damage    Failure   Level
 Scorch                   Fire           20%        2d6       10%         2
 Conjure Flame            Conj/Fire      7%         6-21      28%         3
 Inner Flame              Hex/Fire       6%         N/A       34%         3
 Flame Wave               Conj/Fire      7%         2d5       67%         4


Dungeon Overview and Level Annotations

Branches:
Dungeon (2/15)

Altars:


Message History

You miscast Foxfire.
You are very lightly contaminated with residual magic.
Nothing appears to happen.
The kobold hits you with a +0 dagger.
You miscast Foxfire.
Nothing appears to happen.
The kobold hits you with a +0 dagger.
You are too injured to fight recklessly!
You are too injured to fight recklessly!
You are too injured to fight recklessly!
Your foxfire dissipates!
The kobold attacks as you move away! The kobold hits you with a +0 dagger.
* * * LOW HITPOINT WARNING * * *
The kobold completely misses you. The kobold attacks as you move away!
The kobold hits you with a +0 dagger.
* * * LOW HITPOINT WARNING * * *
The kobold attacks as you move away! The kobold barely misses you.
There is an escape hatch in the floor here.
The kobold closely misses you.
Your magical contamination has completely faded away.
You slide downwards.
The hatch slams shut behind you.
Found a scroll labelled GAR MOMOAQAOJ.
It was a potion of cancellation.
You feel magically purged. The kobold closely misses you.
As you read the scroll labelled VEFEECSEPU, it crumbles to dust.
It is a scroll of brand weapon.
You aren't carrying any weapons that can be branded.
The kobold barely misses you.
This is a scroll of acquirement!
Something appears at your feet! The kobold closely misses you.
Unknown command.
As you read the scroll labelled GOUSUHOWYR, it crumbles to dust.
It is a scroll of identify.
You don't have any unidentified items.
The kobold barely misses you.
Okay, then.
The kobold hits you with a +0 dagger.
* * * LOW HITPOINT WARNING * * *
An endoplasm comes into view.
The endoplasm quivers.
The kobold attacks as you move away! The kobold hits you with a +0 dagger.
You die...

####### #.....#
#.=.?.# #.....#
#.....# . #.....#
....###+##.######
.......@K....J....
##...####.########
... ..# . ..## .#.
#... ####


You could see an endoplasm and a kobold.

Vanquished Creatures
  A bat (D:1)
  A giant cockroach (D:1)
  A frilled lizard (D:1)
  2 rats (D:1)
5 creatures vanquished.

Vanquished Creatures (others)
  22 foxfires (D:1)
22 creatures vanquished.

Grand Total: 27 creatures vanquished

Notes
Turn   | Place    | Note
-------+----------+-------------------------------------------
     0 | D:1      | DemonSlayer the Demonspawn Fire Elementalist began the
                  | quest for the Orb.
     0 | D:1      | Reached XP level 1. HP: 13/13 MP: 3/3
   371 | D:2      | Identified a scroll of acquirement
   371 | D:2      | Acquired the ring "Zeillost" {rElec Dex+6}
   382 | D:2      | Slain by a kobold

Illustrated notes

Levels and vault maps discovered:
D:1:      minmay_arrival_widening_spiral_wide, layout_basic
D:2:      layout_basic, kennysheep_generic_room_3

Action                   || total
-------------------------++-------
Melee: Unarmed           ||     2
 Cast: Foxfire           ||    14
  Use: Scroll            ||     3
       Potion            ||     1
Dodge: Dodged            ||     8
